 Dungeon Crawl Stone Soup version 0.23-a0-368-g82e9058 (webtiles) character file.

6631 aurelian the Grappler (level 10, 0/88 HPs)
             Began as a Yellow Draconian Gladiator on Oct 23, 2018.
             Was an Elder of Yredelemnul.
             Slain by a fire bat (2 damage)
             ... in a volcano.
             The game lasted 00:38:50 (12709 turns).

aurelian the Grappler (Yellow Draconian Gladiator) Turns: 12709, Time: 00:38:50

Health: 0/88       AC:  8    Str: 16    XL:     10   Next: 72%
Magic:  20/22      EV: 16    Int: 11    God:    Yredelemnul [****..]
Gold:   526        SH:  0    Dex: 14    Spells: 9/9 levels left

rFire    . . .     SeeInvis .   a - +1 hunting sling
rCold    . . .     Gourm    .   (no shield)
rNeg     . . .     Faith    .   (armour unavailable)
rPois    .         Spirit   .   n - +1 hat
rElec    .         Reflect  .   (no cloak)
rCorr    +         Harm     .   (no gloves)
MR       .....                  (no boots)
Stlth    ++........             (no amulet)
HPRegen  0.24/turn              C - ring of magical power
MPRegen  0.18/turn              (no ring)

@: no status effects
A: spit acid, acid resistance, unfitting armour, cold-blooded, AC +7
a: Breathe Acid, Recall Undead Slaves, Injury Mirror, Animate Dead, Drain Life,
Renounce Religion


You were in a volcano.
You worshipped Yredelemnul.
Yredelemnul was greatly pleased with you.
You were hungry.

You visited 2 branches of the dungeon, and saw 11 of its levels.
You also visited: Volcano.

You collected 721 gold pieces.
You spent 195 gold pieces at shops.

Inventory:

Hand Weapons
 a - a +1 hunting sling (weapon)
 d - a +0 spear
 k - a +0 dagger of venom
Missiles
 b - 5 throwing nets
 e - 280 stones (quivered)
 B - 12 tomahawks
 F - 31 sling bullets
Armour
 n - a +1 hat (worn)
Jewellery
 C - a ring of magical power (left hand)
Wands
 v - a wand of digging (21)
 w - a wand of enslavement (5)
 A - a wand of polymorph (25)
 D - a wand of iceblast (4)
 E - a wand of paralysis (2)
Scrolls
 f - 2 scrolls of magic mapping
 h - a scroll of remove curse
 q - 6 scrolls of teleportation
 r - 2 scrolls of enchant weapon
 s - 2 scrolls of enchant armour
 y - 2 scrolls of fear
 H - a scroll of torment {unknown}
 K - a scroll of identify
Potions
 g - 2 potions of agility
 i - a potion of cancellation {unknown}
 j - 2 potions of magic
 l - 4 potions of curing
 m - 2 potions of might {unknown}
 o - 2 potions of invisibility
 p - 3 potions of lignification
 t - a potion of brilliance {unknown}
 u - a potion of ambrosia {unknown}
 z - 3 potions of flight
 G - a potion of berserk rage
 I - a potion of haste {unknown}
Miscellaneous
 x - a phantom mirror
Comestibles
 c - 19 rations


   Skills:
 + Level 7.9 Fighting
 - Level 2.0 Throwing
 + Level 6.8 Dodging
 - Level 2.1 Stealth
 * Level 12.0 Unarmed Combat
 + Level 4.7 Invocations
 - Level 2.1 Evocations


You had 9 spell levels left.
You didn't know any spells.
Your spell library was empty.

Dungeon Overview and Level Annotations

Branches:
Dungeon (10/15)            Temple (0/1) D:5            Lair (1/6) D:9
    Orc (0/2) D:10

Altars:
Dithmenos
Elyvilon
Fedhas
Kikubaaqudgha
Sif Muna
Vehumet
Xom
Yredelemnul
The Shining One

Shops:
D:7 }   D:8 :

Annotations:
D:5 5 runed doors
D:7 Menkaure
D:9 exclusion: two-headed ogre
D:10 1 runed door, wearedevo's ghost, journeyman HOGl


Innate Abilities, Weirdness & Mutations

You can spit globs of acid.
You are resistant to acid.
Your golden yellow scales are hard. (AC +7)
You cannot fit into any form of body armour.
You are cold-blooded and may be slowed by cold attacks.


Message History

Unknown command.
You are engulfed in blazing flames.
The fire bat bites you but does no damage. x2
You are engulfed in blazing flames.
The fire bat bites you.
You are engulfed in flames!
The fire bat bites you but does no damage.
Really walk into that cloud of flame?
Okay, then.
Really walk into that cloud of flame?
You are engulfed in blazing flames.
* * * LOW HITPOINT WARNING * * *
The fire bat closely misses you. The fire bat bites you.
* * * LOW HITPOINT WARNING * * *
You are engulfed in flames!
* * * LOW HITPOINT WARNING * * *
The fire bat misses you.
The two-headed ogre is engulfed in blazing flames.
The fire bat bites you.
You die...
Your body rises from the dead as a mindless zombie.

§§§§§§≈≈≈ §§§§.§§
§.≈≈§≈ ..§§# ###
...#### ##).
#..##.## #..)
#..#.#∩# #...
#..#@#∩# # #..
##..b'###
#...##'##...^##
..§§§....O§.##
≈.§§≈≈≈§.≈.§§§§≈
.≈≈≈§≈§≈.≈≈≈§≈§§§
≈≈≈≈≈≈≈≈≈§≈≈≈§§§§
≈≈≈≈≈≈≈§≈≈§≈≈§§§§
≈≈≈≈≈≈≈≈§≈≈§§≈≈§§


You could see a two-headed ogre and a fire bat.

Vanquished Creatures
  A cyclops (D:10)
  A rime drake (Lair:1)
  A hornet (D:7)
  A hippogriff (Lair:1)
  A hungry ghost (D:10)
  2 wargs (D:9)
  Edmund (D:5)
  4 orc warriors
  3 sky beasts
  An ice beast (D:8)
  2 black bears
  A phantom (D:9)
  A necrophage (D:7)
  2 ogres (D:7)
  2 centaurs
  A crocodile (Lair:1)
  4 bullfrogs
  2 scorpions
  A water moccasin skeleton (D:5)
  15 wights
  A howler monkey (D:9)
  A bullfrog zombie (D:5)
  2 centaur zombies
  5 crimson imps
  A bullfrog skeleton (D:10)
  A centaur skeleton (D:3)
  6 hounds
  2 quasits
  A gnoll shaman (D:3)
  10 orc priests
  8 orc wizards
  Jessica (D:3)
  3 iguanas
  8 worker ants
  A hound zombie (D:6)
  A hound skeleton (D:5)
  3 worker ant zombies
  A howler monkey zombie (D:10)
  6 gnolls (D:4)
  6 adders
  2 shadow imps
  2 oozes
  An adder skeleton (D:5)
  An adder zombie (D:6)
  6 dart slugs
  6 leopard geckos
  30 orcs
  A bat zombie (D:9)
  6 giant cockroaches
  3 goblins
  4 hobgoblins
  8 jackals (D:7)
  7 quokkas
  8 bats
  3 frilled lizards
  A jackal skeleton (D:5)
  7 kobolds
  A quokka skeleton (D:6)
  A quokka zombie (D:5)
  5 rats
  2 rat zombies (D:9)
  A spectral orc (D:2)
  A fire vortex (Lair:1)
222 creatures vanquished.

Vanquished Creatures (collateral kills)
  A hungry ghost (D:10)
  A warg (D:9)
  A water moccasin (Lair:1)
  2 orc warriors
  A phantom (D:8)
  A crocodile (Lair:1)
  2 bullfrogs
  A wight (D:8)
  2 crimson imps (D:5)
  A jelly (D:10)
  An orc priest (D:9)
  3 orc wizards
  8 orcs
  A bat zombie (D:9)
26 creatures vanquished.

Vanquished Creatures (others)
  A centaur (Volcano)
  A wight (D:10)
  A centaur zombie (D:5)
  An ogre zombie (D:7)
  A hound zombie (D:8)
  A mummy (D:10)
  A jackal zombie (D:7)
  2 orc skeletons (D:10)
  8 orc zombies
  A quokka zombie (D:9)
18 creatures vanquished.

Grand Total: 266 creatures vanquished

Notes
Turn   | Place    | Note
-------+----------+-------------------------------------------
     0 | D:1      | aurelian the Draconian Gladiator began the quest for the
                  | Orb.
     0 | D:1      | Reached XP level 1. HP: 17/17 MP: 1/1
   295 | D:1      | Reached XP level 2. HP: 24/24 MP: 2/2
  1051 | D:2      | Reached skill level 4 in Unarmed Combat
  1063 | D:2      | Found a shadowy altar of Dithmenos.
  1153 | D:2      | Reached XP level 3. HP: 23/30 MP: 3/3
  1293 | D:2      | Found a basalt altar of Yredelemnul.
  1303 | D:2      | Became a worshipper of Yredelemnul the Dark
  1930 | D:3      | Noticed Jessica
  1951 | D:3      | Killed Jessica
  1951 | D:3      | Reached XP level 4. HP: 37/37 MP: 4/4
  2361 | D:3      | Found a radiant altar of Vehumet.
  2847 | D:4      | Reached XP level 5. HP: 41/45 MP: 5/5
  3345 | D:4      | Noticed an ogre
  3441 | D:3      | Reached skill level 1 in Stealth
  3441 | D:3      | Reached skill level 5 in Unarmed Combat
  3504 | D:4      | Reached * piety under Yredelemnul
  3839 | D:4      | Found a white marble altar of Elyvilon.
  4026 | D:5      | Entered Level 5 of the Dungeon
  4156 | D:5      | Noticed Edmund
  4390 | D:5      | Reached XP level 6. HP: 18/52 MP: 4/6
  4684 | D:5      | Found a staircase to the Ecumenical Temple.
  5070 | D:5      | Reached skill level 5 in Fighting
  5100 | D:5      | Reached skill level 6 in Unarmed Combat
  5100 | D:5      | Your scales start taking on a golden yellow colour.
  5100 | D:5      | Reached XP level 7. HP: 55/61 MP: 7/7
  5688 | D:5      | Found the +9 staff of Olgreb {rPois}
  5799 | D:5      | Found a runed gate.
  5800 | D:5      | Found a runed door.
  5812 | D:5      | Found a runed gate.
  5812 | D:5      | Found a runed gate.
  5820 | D:5      | Found a runed door.
  5938 | D:5      | Killed Edmund
  5938 | D:5      | Reached skill level 7 in Unarmed Combat
  5938 | D:5      | Reached skill level 1 in Evocations
  6380 | D:6      | Reached XP level 8. HP: 70/70 MP: 9/9
  7190 | D:7      | Found a deep blue altar of Sif Muna.
  7334 | D:7      | Found Cigop's Gadget Shop.
  7506 | D:7      | Bought a wand of iceblast (4) for 104 gold pieces
  7506 | D:7      | Bought a wand of paralysis (5) for 91 gold pieces
  7541 | D:7      | Reached skill level 8 in Unarmed Combat
  7820 | D:7      | Noticed Menkaure
  7910 | D:7      | Noticed a hornet
  7920 | D:7      | Killed a hornet
  7920 | D:7      | Reached skill level 9 in Unarmed Combat
  8125 | D:7      | Reached skill level 5 in Dodging
  8194 | D:7      | Reached ** piety under Yredelemnul
  8194 | D:7      | Reached XP level 9. HP: 75/75 MP: 10/10
  9187 | D:8      | Reached skill level 10 in Unarmed Combat
  9573 | D:8      | Found a blossoming altar of Fedhas.
  9724 | D:8      | Found Impu Ifo's Book Shop.
  9983 | D:9      | Noticed a two-headed ogre
 10012 | D:9      | Reached skill level 1 in Invocations
 10025 | D:9      | Reached *** piety under Yredelemnul
 10058 | D:9      | Found a staircase to the Lair.
 10090 | D:9      | Reached skill level 11 in Unarmed Combat
 10440 | D:9      | Reached XP level 10. HP: 84/84 MP: 12/12
 10499 | D:9      | Found an ancient bone altar of Kikubaaqudgha.
 10670 | D:9      | Received a gift from Yredelemnul (a mummy)
 10726 | D:9      | Found a glowing golden altar of the Shining One.
 10870 | D:9      | Found a shadowy altar of Dithmenos.
 11150 | D:10     | Entered Level 10 of the Dungeon
 11493 | D:10     | Received a gift from Yredelemnul (a wight)
 11528 | D:10     | Noticed a cyclops
 11734 | D:10     | Killed a cyclops
 11847 | D:10     | Found a staircase to the Orcish Mines.
 11980 | D:10     | Reached **** piety under Yredelemnul
 12136 | D:10     | Found a shimmering altar of Xom.
 12136 | D:10     | Noticed wearedevo's ghost (journeyman HOGl)
 12137 | D:10     | Found a runed door.
 12137 | D:10     | Noticed a glowing war axe
 12307 | Lair:1   | Entered Level 1 of the Lair of Beasts
 12376 | Lair:1   | Received a gift from Yredelemnul (a wraith)
 12506 | Lair:1   | Reached skill level 12 in Unarmed Combat
 12664 | Lair:1   | Found a dark tunnel.
 12675 | Volcano  | Entered a volcano
 12705 | Volcano  | Noticed a two-headed ogre
 12708 | Volcano  | HP: 2/88 [fire bat (8)]
 12709 | Volcano  | Slain by a fire bat

Vault maps used:
D:1:      dpeg_arrival_renting, minmay_small_reverse_x
D:2:      yredelemnul_forgotten_temple_becter, nicolae_overflow_crystal_walls
D:3:      vehumet_crystals, serial_glass, glass_columns_a, glass_columns_a,
          first_ration, uniq_jessica
D:4:      lemuel_coloured_pillars_altar
D:5:      kennysheep_windowed_halls, minmay_temple_entry_glassed_door,
          minmay_guarded_unrand_staff_of_olgreb, uniq_edmund
D:7:      lemuel_round_altar, serial_shops, shop, uniq_menkaure
D:8:      fedhas_altar_2, serial_shops, kennysheep_mini
D:9:      lemuel_zombie_altar_kikubaaqudgha, kennysheep_mini_moat,
          eat_drink_and_be_merry_uskayaw, erik_lair_orcish_takeover,
          grunt_pizzeria, nicolae_dithmenos_through_a_glass_darkly
D:10:     erik_orc_4, ebering_ghost_xom
Lair:1:   dragon1_lemuel, lightli_volcano_entry_magma_tube, grunt_megastairs_2,
          lemuel_fruit_fields, infiniplex_staircase_pool_2
Volcano:  volcano_village

Skill      XL: |  1  2  3  4  5  6  7  8  9 10 |
---------------+-------------------------------+-----
Unarmed Combat | 4 5 6 7 9 11 12 | 12.0
Throwing       | 2 |  2.0
Dodging        | 3 5 6 |  6.8
Fighting       | 3 4 5 6 7 |  7.9
Stealth        | 1 2 |  2.1
Evocations     | 1 2 |  2.1
Invocations    | 2 4 |  4.7

Action                   |  1- 3 |  4- 6 |  7- 9 | 10-12 || total
-------------------------+-------+-------+-------+-------++-------
Melee: Unarmed           |    95 |   106 |   368 |   194 ||   763
       Tailslap          |    12 |    15 |    44 |    23 ||    94
       Punch             |     1 |     1 |    20 |     9 ||    31
 Fire: Hunting sling     |    10 |    99 |    98 |    28 ||   235
Throw: Stone             |    42 |       |       |       ||    42
Invok: Animate Remains   |       |     2 |    11 |       ||    13
       Animate Dead      |       |       |     2 |    12 ||    14
       Recall Undead Sla |       |       |       |     2 ||     2
 Abil: Breathe Acid      |       |       |    15 |     4 ||    19
Evoke: Wand              |       |       |     1 |     6 ||     7
  Use: Scroll            |     4 |     7 |     8 |     1 ||    20
       Potion            |       |       |     1 |       ||     1
 Stab: Sleeping          |     1 |       |     2 |     4 ||     7
       Distracted        |       |       |     1 |     1 ||     2
       Paralysed         |       |       |       |     5 ||     5
  Eat: Chunk             |     3 |     7 |    13 |     8 ||    31
       Ration            |       |     1 |     3 |     1 ||     5
Armor: Skin              |    31 |    20 |    71 |    32 ||   154
Dodge: Dodged            |    56 |    82 |   236 |   126 ||   500

Table legend:
 A = Non-vault XP
 B = Vault XP
 C = Vault XP percentage of total XP
 D = Non-vault monster count
 E = Vault monster count
 F = Vault count percentage of total count
                 A         B        C        D         E       F
            +---------+---------+-------+---------+---------+-------
      Total |    7441 |    2032 |  21.5 |     194 |      53 |  21.5
            +---------+---------+-------+---------+---------+-------
        D:1 |      19 |       4 |  17.4 |      10 |       4 |  28.6
        D:2 |      39 |       1 |   2.5 |      16 |       1 |   5.9
        D:3 |     129 |      37 |  22.3 |      19 |       1 |   5.0
        D:4 |     103 |       0 |   0.0 |       9 |       0 |   0.0
        D:5 |     268 |     795 |  74.8 |      15 |      17 |  53.1
        D:6 |     321 |       0 |   0.0 |      12 |       0 |   0.0
        D:7 |    1361 |       0 |   0.0 |      26 |       0 |   0.0
        D:8 |    1274 |       0 |   0.0 |      30 |       0 |   0.0
        D:9 |    1153 |     751 |  39.4 |      30 |      14 |  31.8
       D:10 |    1725 |     444 |  20.5 |      19 |      16 |  45.7
     Lair:1 |    1049 |       0 |   0.0 |       8 |       0 |   0.0
            +---------+---------+-------+---------+---------+-------
